 Dungeon Crawl Stone Soup version 0.23.1 (webtiles) character file.

Game seed: 4702441252148915191

548 Borgoz the Cutter (level 7, -4/57 HPs)
             Began as a Ghoul Warper on Mar 13, 2019.
             Was an Initiate of Ashenzari.
             Slain by an orc priest
             ... wielding a +0 mace
              (7 damage)
             ... on level 4 of the Dungeon.
             The game lasted 00:10:03 (4927 turns).

Borgoz the Cutter (Ghoul Warper)                    Turns: 4927, Time: 00:10:04

Health: -4/57      AC:  5    Str: 15    XL:     7   Next: 28%
Magic:  9/9        EV: 12    Int:  8    God:    Ashenzari [......]
Gold:   135        SH:  0    Dex: 10    Spells: 8/10 levels left

rFire    + . .     SeeInvis +   a - +2 dagger (venom)
rCold    + + .     Gourm    .   (no shield)
rNeg     + + +     Faith    .   t - +0 leather armour
rPois    ∞         Spirit   .   (no helmet)
rElec    .         Reflect  .   n - scarf {rC+ rF+}
rCorr    .         Harm     .   (no gloves)
MR       .....                  y - +1 pair of boots
Stlth    ++........             (no amulet)
HPRegen  0.00/turn              o - ring of see invisible
MPRegen  0.11/turn              (no ring)

@: rotting
A: rotting body, claws 1, carnivore, cold resistance 1, negative energy
resistance 3, inhibited regeneration, torment resistance, unbreathing
a: Curse Item, Renounce Religion


You were on level 4 of the Dungeon.
You worshipped Ashenzari.
Ashenzari was noncommittal.
You were not hungry.

You visited 1 branch of the dungeon, and saw 5 of its levels.

You collected 135 gold pieces.

Inventory:

Hand Weapons
 a - a +2 dagger of venom (weapon)
 b - a +2 dagger of flaming
 c - a +0 short sword
Missiles
 e - 5 tomahawks of dispersal (quivered)
 v - 32 poisoned needles
 x - 8 needles of frenzy
 C - 7 tomahawks
Armour
 m - a +1 shield of fire resistance
 n - a scarf of resistance (worn)
 p - a +0 buckler
 q - a +0 scale mail
 t - a +0 leather armour (worn)
 y - a +1 pair of boots (worn)
 D - a +0 ring mail
Jewellery
 o - a ring of see invisible (left claw)
 w - an uncursed ring of ice
 A - a +2 ring of protection
 B - an uncursed ring of resist corrosion
Wands
 F - a wand of iceblast (10)
 G - a wand of flame (8)
Scrolls
 d - 2 scrolls of blinking
 g - 2 scrolls of remove curse
 i - 2 scrolls of identify
 j - a scroll of amnesia
 k - a scroll of teleportation
 l - a scroll of enchant weapon
 r - 2 scrolls of enchant armour
 s - a scroll of magic mapping {unknown}
Potions
 h - a potion of brilliance {unknown}
 u - 2 potions of mutation {unknown}
 z - a potion of curing
 E - a potion of might {unknown}
Comestibles
 f - 13 rations


   Skills:
 + Level 3.5 Fighting
 * Level 3.8 Short Blades
 + Level 1.7 Throwing
 * Level 3.2 Armour
 + Level 2.8 Dodging
 + Level 2.6 Stealth
 - Level 2.0 Spellcasting
 + Level 3.3 Translocations


You had 8 spell levels left.
You knew the following spells:

 Your Spells              Type           Power        Failure   Level  Hunger
a - Blink                 Tloc           N/A          17%         2    ###....

Your spell library contained the following spells:

 Spells                   Type           Power        Failure   Level  Hunger
 Shroud of Golubria       Chrm/Tloc      #.........   32%         2    ###....
 Gell's Gravitas          Tloc           #.........   32%         3    ####...
 Lesser Beckoning         Tloc           #.........   32%         3    ####...
 Teleport Other           Tloc           #.......     32%         3    ####...
 Passage of Golubria      Tloc           N/A          73%         4    #####..


Dungeon Overview and Level Annotations

Branches:
Dungeon (5/15)             Temple (0/1) D:4

Altars:
Ashenzari
Cheibriados
Elyvilon
Gozag
Kikubaaqudgha
Ru
Sif Muna
Trog
Xom
Zin

Annotations:
D:4 exclusion: oklob sapling


Innate Abilities, Weirdness & Mutations

Your body is rotting away.
You thrive on raw meat.
You are immune to poison.
You have sharp fingernails.
You are carnivorous and can eat meat at any time.
Your flesh is cold resistant. (rC+)
You are immune to negative energy. (rN+++)
You do not regenerate when monsters are visible.
You are immune to unholy pain and torment.
You can survive without breathing.


Message History

The orc priest looks as sick as possible!
The orc priest is moderately wounded.
You hit the orc priest.
The orc priest looks as sick as possible!
The orc priest is severely wounded.
The orc priest completely misses you.
The orc priest invokes the aid of Beogh against you.
Beogh smites you!
* * * LOW HITPOINT WARNING * * *
You barely miss the orc priest.
The orc priest is almost dead.
The orc priest calls upon Beogh to heal the orc priest.
The orc priest is healed somewhat.
The orc priest invokes the aid of Beogh against you.
Beogh smites you!
* * * LOW HITPOINT WARNING * * *
You hit the orc priest.
You kill the orc priest!
The orc priest hits you with a +0 mace!
You die...

#....##.....##........'.'.
######_....._#........###.
#.....#############.
#8..?8# #...........
##.....###...........
#_....._##...........
#.....# #...........
#8o.)8# #........... ##@##
##...........
#######............
##.................
#.................
##......##########
#......# #......# ########


You could see an orc priest.

Vanquished Creatures
  An ice beast (D:5)
  An ogre (D:5)
  2 howler monkeys
  An orc priest (D:4)
  A bullfrog skeleton (D:5)
  A centaur skeleton (D:4)
  An orc wizard (D:3)
  An iguana (D:5)
  3 adders
  A shadow imp (D:5)
  3 oozes
  A worm (D:2)
  4 dart slugs
  6 leopard geckos
  8 orcs
  2 ball pythons (D:3)
  2 giant cockroaches (D:2)
  12 goblins
  9 hobgoblins
  8 kobolds
  3 quokkas
  8 bats
  3 frilled lizards
  6 rats
88 creatures vanquished.

Vanquished Creatures (others)
  An orc wizard (D:3)
1 creature vanquished.

Grand Total: 89 creatures vanquished

Notes
Turn   | Place    | Note
-------+----------+-------------------------------------------
     0 | D:1      | Borgoz the Ghoul Warper began the quest for the Orb.
     0 | D:1      | Reached XP level 1. HP: 17/17 MP: 2/2
     9 | D:1      | Reached skill level 1 in Armour
    49 | D:1      | Reached XP level 2. HP: 7/24 MP: 3/3
   599 | D:1      | Reached XP level 3. HP: 17/30 MP: 4/4
   707 | D:1      | Reached skill level 1 in Stealth
   990 | D:1      | Learned a level 2 spell: Blink
  1558 | D:2      | Found a shattered altar of Ashenzari.
  1564 | D:2      | Became a worshipper of Ashenzari the Shackled
  1865 | D:2      | Reached XP level 4. HP: 37/37 MP: 6/6
  2600 | D:2      | Found a snail-covered altar of Cheibriados.
  2600 | D:2      | Found a sacrificial altar of Ru.
  2831 | D:3      | Reached XP level 5. HP: 32/44 MP: 7/7
  3249 | D:3      | Found a deep blue altar of Sif Muna.
  3810 | D:4      | Reached skill level 1 in Throwing
  3910 | D:4      | Found a staircase to the Ecumenical Temple.
  4108 | D:4      | Reached XP level 6. HP: 40/50 MP: 8/8
  4174 | D:4      | Found an ancient bone altar of Kikubaaqudgha.
  4220 | D:4      | Found a shimmering altar of Xom.
  4223 | D:4      | Found a glowing silver altar of Zin.
  4226 | D:4      | Found a bloodstained altar of Trog.
  4388 | D:5      | Entered Level 5 of the Dungeon
  4432 | D:5      | Noticed an ice beast
  4669 | D:5      | Killed an ice beast
  4898 | D:5      | Reached XP level 7. HP: 57/57 MP: 9/9
  4921 | D:4      | Found an opulent altar of Gozag.
  4921 | D:4      | Found a white marble altar of Elyvilon.
  4927 | D:4      | Slain by an orc priest

Skill      XL: |  1  2  3  4  5  6 |
---------------+-------------------+-----
Armour         | 1 2 3 |  3.2
Short Blades   | 2 3 |  3.8
Dodging        | 2 |  2.8
Stealth        | 1 2 |  2.6
Spellcasting   | 2 |  2.0
Translocations | 3 |  3.3
Throwing       | 1 |  1.7
Fighting       | 3 |  3.5

Action                   |  1- 3 |  4- 6 |  7- 9 || total
-------------------------+-------+-------+-------++-------
Melee: Short sword       |   180 |   112 |       ||   292
       Dagger            |       |   150 |    12 ||   162
 Cast: Blink             |     1 |     1 |       ||     2
Evoke: Wand              |       |       |     4 ||     4
  Use: Scroll            |       |     8 |       ||     8
       Potion            |       |     2 |     1 ||     3
 Stab: Sleeping          |     2 |       |       ||     2
  Eat: Chunk             |    18 |    14 |       ||    32
Armor: Leather armour    |    34 |    55 |     2 ||    91
Dodge: Dodged            |    94 |   142 |     4 ||   240
Block: Shield            |     7 |       |       ||     7
